AoeStats
← LvT | QuetzalMx

Baltic

510432914Analyzed
3v3 RM · 1d ago on Oct 1, 2026· 34m 21s· 6 players
Game mode
Random Map
Map size
Normal (6 player)
Population
200
Speed
Normal
Resources
Standard
Victory
Conquest
Starting age
Dark Age
Ending age
Imperial Age
RankedLock teamsTeams togetherTeam positionsShared explorationLock speedFull tech treeHidden civsTurbo modeCheats
Victory
Defeat
🇨🇦 Vikings · Canada
1185
+16
🇨🇦 Japanese · Canada
1181
+16
🇨🇦 Varangians · Canada
1169
+17
🇲🇽 Vikings · Mexico
1602
-30
🇲🇽 Italians · Mexico
1029
-10
🇲🇽 Franks · Mexico
988
-9
Camarade
4:00 Loom
11:49 Feudal Age
17:49 Castle Age
15:52 Scale Mail Armor
15:14 Man-at-Arms
16:51 Man-at-Arms
18:21 Forging
18:14 Double-Bit Axe
18:11 Long Swordsman
20:43 Pikeman
23:39 Chain Mail Armor
24:26 Arson
25:10 Squires
26:44 Bow Saw
29:50 Iron Casting
29:31 Gambesons
Winston Smith
5:08 Loom
11:23 Feudal Age
18:45 Castle Age
16:59 Fletching
17:26 Gold Mining
17:39 Horse Collar
17:51 Double-Bit Axe
21:06 Bodkin Arrow
24:23 Bow Saw
27:10 Stone Mining
32:05 Imperial Age
30:02 Town Watch
32:30 Town Patrol
32:22 Elite Longship
33:42 Bracer
35:34 Chemistry
GeneralGariepy
6:43 Loom
12:56 Feudal Age
15:29 Bloodlines
15:16 Double-Bit Axe
19:22 Wheelbarrow
19:05 Scale Barding Armor
19:19 Horse Collar
22:08 Forging
23:11 Scale Mail Armor
28:16 Castle Age
28:21 Light Cavalry
29:23 Chain Barding Armor
29:49 Iron Casting
32:30 Husbandry
LvT | QuetzalMx
10:50 Feudal Age
12:59 Loom
22:23 Fletching
23:24 Double-Bit Axe
32:15 Castle Age
LvT | ZcPeter
2:05 Loom
11:46 Feudal Age
12:24 Double-Bit Axe
12:36 Town Watch
16:39 Castle Age
15:08 Gold Mining
17:09 Fletching
18:19 Medium Warships
23:30 Bow Saw
24:19 Bodkin Arrow
26:49 Ballistics
28:31 Padded Archer Armor
28:53 Crossbowman
31:13 Horse Collar
36:58 Imperial Age
LvT | lixdicna
2:33 Loom
11:13 Feudal Age
16:47 Castle Age
15:08 Double-Bit Axe
18:25 Bow Saw
18:51 Scale Barding Armor
21:22 Squires
23:29 Squires
Connection lost

Rejoining the realm…

Still unreachable

The connection could not be restored.

Session expired

The server has moved on; the page needs a fresh start.